 Dungeon Crawl Stone Soup version 0.27-a0-1177-g245c70e1c0 (webtiles) character file.

Game seed: 592227805776678335

87 bilbop the Skirmisher (level 4, -2/40 HPs)
             Began as a Minotaur Abyssal Knight on May 16, 2021.
             Was a Believer of Lugonu.
             Slain by an orc
             ... wielding a +0 flail
              (7 damage)
             ... on level 3 of the Dungeon.
             The game lasted 00:10:42 (2213 turns).

bilbop the Skirmisher (Minotaur Abyssal Knight)     Turns: 2213, Time: 00:10:43

Health: -2/40      AC:  4    Str: 17    XL:     4   Next: 28%
Magic:  4/4        EV: 10    Int:  9    God:    Lugonu [**....]
Gold:   103        SH:  0    Dex: 10    Spells: 4/4 levels left

rFire    . . .     SeeInvis .   a - +1 spear
rCold    . . .     Faith    .   (no shield)
rNeg     . . .     Spirit   .   g - +0 ring mail
rPois    .         Reflect  .   (helmet restricted)
rElec    .         Harm     .   (no cloak)
rCorr    .         Rampage  .   n - +0 pair of gloves
Will     .....                  (no boots)
Stlth    ..........             (no amulet)
HPRegen  0.13/turn              (no ring)
MPRegen  0.09/turn              (no ring)

@: no status effects
A: horns 2, retaliatory headbutt, deformed body
a: Renounce Religion, Depart the Abyss, Bend Space


You were on level 3 of the Dungeon.
You worshipped Lugonu.
Lugonu was pleased with you.
You visited 1 branch of the dungeon, and saw 3 of its levels.
You visited the Abyss 1 time.

You collected 103 gold pieces.

Inventory:

Hand Weapons
 a - a +1 spear (weapon)
Armour
 b - a +0 leather armour
 g - a +0 ring mail (worn)
 i - a +0 scale mail
 n - a +0 pair of gloves (worn)
Jewellery
 l - a ring of ice
Scrolls
 c - 3 scrolls of identify {unknown}
 d - 2 scrolls of magic mapping {unknown}
 e - a scroll of silence {unknown}
 k - a scroll of teleportation {unknown}
Potions
 f - 2 potions of curing {unknown}
 h - a potion of degeneration {unknown}
 j - a potion of haste {unknown}
 m - a potion of resistance {unknown}
 o - 2 potions of magic {unknown}


   Skills:
 + Level 4.2 Fighting
 + Level 3.3 Polearms
 + Level 3.3 Armour
 - Level 1.2 Dodging
 + Level 0.8 Spellcasting
 + Level 2.5 Invocations


You had 4 spell levels left.
You didn't know any spells.
Your spell library was empty.

Dungeon Overview and Level Annotations

Branches:
Dungeon (3/15)

Altars:

Shops:
D:1 :


Innate Abilities, Weirdness & Mutations

You have a pair of horns on your head.
You reflexively headbutt those who attack you in melee.
Armour fits poorly on your strangely shaped body.


Message History

The jackal barks!
Your headbutt misses the orc.
The orc is heavily wounded.
The orc hits you but does no damage.
You hit the orc.
The orc is almost dead.
The orc hits you with a +0 dagger. The orc barely misses you.
The orc barely misses you. The orc hits you with a +0 flail.
The orc closely misses you. The jackal barely misses you.
You furiously retaliate!
You headbutt the jackal!
You kill the jackal!
Lugonu accepts your kill.
You barely miss the orc. Your headbutt misses the orc.
The orc is almost dead.
The orc barely misses you.
You hit the orc.
You kill the orc!
Lugonu accepts your kill.
You hear some strange, mumbled words.
You are confused.
You bump into the rock wall.
The orc hits you with a +0 mace.
You bump into the rock wall.
The orc hits you with a +0 mace.
You bump into the rock wall.
The orc closely misses you.
You bump into the rock wall.
Something hits you.
You're too confused to move!
You feel less confused.
You hear some strange, mumbled words.
A puff of flame appears from out of thin air!
The puff of flame hits you. The orc barely misses you.
You closely miss something. The orc hits you with a +0 flail.
* * * LOW HITPOINT WARNING * * *
You hear some strange, mumbled words.
Something tries to affect you, but you resist.
The orc hits you with a +0 mace.
* * * LOW HITPOINT WARNING * * *
You hit something. Your headbutt misses something.
The orc hits you with a +0 flail!
You die...

....(...#.#...# #.#.#
#......#.#...### #...#
#..#..#......# #.#..
#..#.###.....#########....
###...## ##....#.........###
#....## ##o............# #
#.#.#.## ##.........††..(###
.....##.###o##.##########....
# #### #..#.o@{.# #####
###.###### ###


You could see 2 orcs.

Vanquished Creatures
  4 adders (D:2)
  A worm (D:3)
  A dart slug (D:2)
  2 orcs (D:3)
  A ball python (D:1)
  4 endoplasms
  2 goblins
  7 hobgoblins
  5 jackals (D:3)
  2 quokkas (D:2)
  A bat (D:2)
  3 frilled lizards
  4 kobolds
  5 rats
42 creatures vanquished.

Notes
Turn   | Place    | Note
-------+----------+-------------------------------------------
     0 | Abyss:1  | bilbop the Minotaur Abyssal Knight began the quest for the
                  | Orb.
     0 | Abyss:1  | Reached XP level 1. HP: 19/19 MP: 1/1
   111 | Abyss:1  | Noticed a small abomination
   127 | Abyss:1  | Noticed a neqoxec
   127 | Abyss:1  | Gained mutation: Armour fits poorly on your strangely
                  | shaped body. [a neqoxec]
   138 | D:1      | Escaped the Abyss
   205 | D:1      | Reached * piety under Lugonu
   554 | D:1      | Found Cuneekay's Book Shop.
   621 | D:1      | Reached XP level 2. HP: 19/27 MP: 2/2
  1200 | D:2      | Reached XP level 3. HP: 33/33 MP: 3/3
  1243 | D:2      | Reached skill level 4 in Fighting
  1627 | D:2      | Found a faded altar of an unknown god.
  1779 | D:2      | Reached XP level 4. HP: 35/40 MP: 4/4
  2145 | D:3      | Reached ** piety under Lugonu
  2213 | D:3      | Slain by an orc

Illustrated notes

Levels and vault maps discovered:
D:1:      dpeg_arrival_shrine, layout_basic, serial_glass, glass_columns_c,
          glass_columns_a, glass_columns_b, glass_columns_a, glass_columns_a,
          glass_columns_c, glass_columns_b, glass_columns_b, glass_columns_b,
          glass_columns_a, glass_columns_b, glass_columns_a, glass_columns_a,
          glass_columns_c, serial_shops, nicolae_shop_behind_doors
D:2:      layout_basic, hellmonk_ecumenical_altar_leap_of_faith
D:3:      layout_loops_ring, minivault_4, minmay_misc_feat_ornament,
          minmay_misc_feat_encased, minmay_distorted

Skill      XL: |  1  2  3 |
---------------+----------+-----
Invocations    | 2 |  2.5
Fighting       | 4 |  4.2
Polearms       | 3 |  3.3
Armour         | 3 |  3.3
Dodging        | |  1.2
Spellcasting   | |  0.8

Action                   |  1- 3 |  4- 6 || total
-------------------------+-------+-------++-------
Melee: Spear             |    92 |    32 ||   124
       Headbutt          |    10 |     5 ||    15
Invok: Depart the Abyss  |     1 |       ||     1
Armor: Leather armour    |     4 |       ||     4
       Ring mail         |    18 |     6 ||    24
Dodge: Dodged            |    29 |    12 ||    41

Table legend: (Time is in decaauts)
 A = Elapsed time spent in this place.
 B = Non-inter-level travel time spent in this place.
 C = Inter-level travel time spent in this place.
 D = Time resting spent in this place.
 E = Time spent auto-exploring this place.
 F = Levels seen in this place.
 G = Mean time per level.
                   A        B        C        D        E       F      G
               +--------+--------+--------+--------+--------+-----+--------+
         Total |   2208 |   2165 |     43 |    218 |   1626 |   4 |  552.0 |
       Dungeon |   2069 |   2026 |     43 |    218 |   1514 |   3 |  689.7 |
         Abyss |    138 |    138 |      0 |      0 |    111 |   1 |  138.0 |
               +--------+--------+--------+--------+--------+-----+--------+

Top non-repeatable levels by time:
     D:2: 1101 daAuts
     D:1: 786 daAuts
     D:3: 181 daAuts
 Abyss:1: 138 daAuts
